 Dungeon Crawl Stone Soup version 0.24-a0-271-ga0fc33f (webtiles) character file.

Game seed: 17818210133028190451

19 MisterFreud the Slasher (level 2, 0/19 HPs)
             Began as an Octopode Gladiator on Apr 23, 2019.
             Slain by a worm (9 damage)
             ... on level 2 of the Dungeon.
             The game lasted 00:01:01 (672 turns).

MisterFreud the Slasher (Octopode Gladiator)         Turns: 672, Time: 00:01:02

Health: 0/19       AC:  1    Str: 13    XL:     2   Next: 75%
Magic:  2/2        EV: 14    Int: 10    God:
Gold:   71         SH:  0    Dex: 13    Spells: 1/1 levels left

rFire    . . .     SeeInvis .   a - +0 long sword
rCold    . . .     Gourm    .   (no shield)
rNeg     . . .     Faith    .   b - +0 hat
rPois    .         Spirit   .   (no amulet)
rElec    .         Reflect  .   (no ring)
rCorr    .         Harm     .   (no ring)
MR       .....                  (no ring)
Stlth    ++........             (no ring)
HPRegen  0.06/turn              (no ring)
MPRegen  0.08/turn              (no ring)
                                (no ring)
                                (no ring)

@: no status effects
A: almost no armour, stealthy swim, amphibious, 8 rings, constrict 8, camouflage
1, gelatinous body 1
a: no special abilities


You were on level 2 of the Dungeon.
You were not hungry.

You visited 1 branch of the dungeon, and saw 2 of its levels.

You collected 71 gold pieces.

Inventory:

Hand Weapons
 a - a +0 long sword (weapon)
Missiles
 c - 4 throwing nets (quivered)
 g - 13 poisoned needles
 i - 46 stones
 j - 38 sling bullets
Armour
 b - a +0 hat (worn)
Jewellery
 l - an uncursed amulet of regeneration {unknown}
Scrolls
 e - 4 scrolls of teleportation {unknown}
 h - 2 scrolls of remove curse {unknown}
 k - 3 scrolls of identify {unknown}
 m - a scroll of immolation {unknown}
Comestibles
 d - a ration
 f - 3 chunks of flesh


   Skills:
 - Level 2.0 Fighting
 + Level 3.9 Long Blades
 - Level 2.0 Throwing
 - Level 3.0 Dodging


You had one spell level left.
You didn't know any spells.
Your spell library was empty.

Dungeon Overview and Level Annotations

Branches:
Dungeon (2/15)

Altars:


Innate Abilities, Weirdness & Mutations

You cannot wear most types of armour.
You are very stealthy in the water. (Stealth+)
You are amphibious.
You can wear up to eight rings at the same time.
You can use your tentacles to constrict eight enemies at once.
Your skin changes colour to match your surroundings (Stealth+).
Your rubbery body absorbs attacks. (AC +1, EV +1)


Message History

e - 4 scrolls labeled VAVVOE MENYEV (gained 3)
i - 46 stones (gained 1)
You now have 55 gold pieces (gained 7).
You now have 71 gold pieces (gained 16).
h - 2 scrolls labeled TEUD NODUKIREA (gained 1)
A worm and a goblin come into view.
There are monsters nearby!
There are monsters nearby!
Found a stone staircase leading down.
The goblin shouts!
The worm bites you! The goblin hits you with a +0 dagger.
You are too injured to fight recklessly!
The goblin closely misses you.
You hit the goblin. Your grab misses the goblin. You squeeze the goblin.
You kill the goblin!
You barely miss the worm. You grab the worm. You constrict the worm.
You hit the worm. You squeeze the worm!
The worm is severely wounded.
You constrict the worm. The worm bites you!
You die...

#....# #....# ##....#
##......## #..##....##
.## #.##......#######
...####...............##
#.......#........###..#
#....#@##.######.###...
#.##.#w##.# #..#....
##..)##.# ##[.....
#>......# ##.....
............... #.....
####.......#### ######
..........#
...#######.## ... .#


You could see a worm.

Vanquished Creatures
  2 leopard geckos (D:1)
  2 goblins
  2 hobgoblins
  A ball python (D:1)
  4 bats
  3 frilled lizards (D:1)
  3 kobolds
  2 rats
19 creatures vanquished.

Notes
Turn   | Place    | Note
-------+----------+-------------------------------------------
     0 | D:1      | MisterFreud the Octopode Gladiator began the quest for the
                  | Orb.
     0 | D:1      | Reached XP level 1. HP: 14/14 MP: 1/1
   305 | D:1      | Reached XP level 2. HP: 18/19 MP: 2/2
   672 | D:2      | Slain by a worm

Levels and vault maps discovered:
D:1:      ncdulo_lavacross, layout_basic
D:2:      minmay_diamond_boxcup, layout_rooms, gammafunk_temple_overflow_claw

Action                   || total
-------------------------++-------
Melee: Long sword        ||    35
       Constrict         ||    10
       Tentacles         ||     7
 Stab: Sleeping          ||     4
Armor: Skin              ||     4
Dodge: Dodged            ||    34
       Rpst.: Long sword ||     5

Table legend:
 A = Non-vault XP
 B = Vault XP
 C = Vault XP percentage of total XP
 D = Non-vault monster count
 E = Vault monster count
 F = Vault count percentage of total count
                 A         B        C        D         E       F
            +---------+---------+-------+---------+---------+-------
      Total |      28 |       0 |   0.0 |      19 |       0 |   0.0
            +---------+---------+-------+---------+---------+-------
        D:1 |      19 |       0 |   0.0 |      13 |       0 |   0.0
        D:2 |       9 |       0 |   0.0 |       6 |       0 |   0.0
            +---------+---------+-------+---------+---------+-------
